 Dungeon Crawl Stone Soup version 0.18.1-48-g4cf74bf (webtiles) character file.

90 Eukament the Conjurer (level 4, -3/24 HPs)
             Began as a Gargoyle Wizard on Aug 8, 2016.
             Was a Follower of Kikubaaqudgha.
             Blown up by Pikel (15 damage)
             ... with a wand of disintegration
             ... on level 4 of the Dungeon.
             The game lasted 00:14:48 (2477 turns).

Eukament the Conjurer (Gargoyle Wizard)             Turns: 2477, Time: 00:14:49

Health: -3/24      AC:  7    Str: 11      XL:     4   Next: 56%
Magic:  16/17      EV: 11    Int: 17 (19) God:    Kikubaaqudgha [*.....]
Gold:   120        SH:  0    Dex:  6 (8)  Spells: 4 memorised, 0 levels left

rFire  . . .     SeeInvis .     e - +0 mace
rCold  . . .     Gourm    .     a - +1 robe
rNeg   + . .     Faith    .     (no shield)
rPois  ∞         Spirit   .     b - +0 hat
rElec  +         Dismiss  .     (no cloak)
rCorr  .         Reflect  .     (no gloves)
SustAt .         Harm     .     h - +0 pair of boots
MR     .....                    (no amulet)
Stlth  ++........               (no ring)
                                k - ring of magical power

@: repel missiles, not resistant to hostile enchantments, unstealthy
A: negative energy resistance 1, electricity resistance, unbreathing,
petrification resistance, rot immunity, AC +3
a: Receive Corpses, Renounce Religion


You were on level 4 of the Dungeon.
You worshipped Kikubaaqudgha.
Kikubaaqudgha was aware of your devotion.
You were not hungry.

You visited 1 branch of the dungeon, and saw 4 of its levels.

You collected 120 gold pieces.

Inventory:

Hand Weapons
 e - a +0 mace (weapon)
Armour
 a - a +1 robe (worn)
 b - a +0 hat (worn)
 h - a +0 pair of boots (worn)
 j - a +3 leather armour
Jewellery
 k - a ring of magical power (left hand)
 v - a cursed -5 ring of protection {unknown}
Wands
 u - a wand of polymorph (9/24)
Scrolls
 g - a scroll of teleportation
 m - a scroll of immolation {unknown}
 o - a scroll of enchant armour
 r - a scroll of identify {unknown}
 t - a scroll of fog {unknown}
 x - a scroll of magic mapping
Potions
 d - 3 potions of degeneration
 f - 2 potions of brilliance {unknown}
 i - a potion of curing
 n - a potion of flight {unknown}
 p - a potion of haste {unknown}
 w - a potion of heal wounds
Books
 c - a book of Minor Magic

   Spells                             Type                      Level
   a - Magic Dart                     Conjuration                  1
   b - Blink                          Translocation                2
   c - Call Imp                       Summoning                    2
   d - Repel Missiles                 Charms/Air                   2
   e - Slow                           Hexes                        2
   f - Conjure Flame                  Conjuration/Fire             3
   g - Mephitic Cloud                 Conjuration/Poison/Air       3
 l - Kikubaaqudgha's Guide on Unholy Rituals
   (Kikubaaqudgha gifted it to you on level 2 of the Dungeon)

   Spells                             Type                      Level
   a - Animate Skeleton               Necromancy                   1
   b - Pain                           Necromancy                   1
   c - Corpse Rot                     Necromancy                   2
   d - Vampiric Draining              Necromancy                   3
   e - Control Undead                 Necromancy                   4
Comestibles
 q - a beef jerky
 s - a royal jelly


   Skills:
 - Level 1.5 Dodging
 - Level 2.1 Stealth
 - Level 3.0 Spellcasting
 * Level 4.5 Conjurations
   Level 0.8 Summonings
   Level 0.8 Translocations
 + Level 0.2 Air Magic


You couldn't memorise any spells.
You knew the following spells:

 Your Spells              Type           Power        Failure   Level  Hunger
a - Magic Dart            Conj           ###.         2%          1    None
b - Repel Missiles        Chrm/Air       #.....       30%         2    ##.....
c - Conjure Flame         Conj/Fire      ##......     21%         3    ###....
d - Mephitic Cloud        Conj/Pois/Air  #.......     30%         3    ###....


Dungeon Overview and Level Annotations

Branches:
Dungeon (4/15)
 Temple: D:4-7

Altars:
Cheibriados
Kikubaaqudgha
Qazlal
Xom

Annotations:
D:4 Pikel


Innate Abilities, Weirdness & Mutations

You are resistant to torment.
Your stone body is resilient (AC +3).
You are immune to poison.
You resist negative energy.
You are resistant to electric shocks.
You can survive without breathing.
You are immune to petrification.
You are immune to rotting.


Message History

The slave hits you.
Pikel zaps a wand.
You are blasted!
It is a wand of disintegration.
The slave hits you but does no damage. The slave hits you.
Pikel hits you but does no damage.
You barely miss Pikel.
Pikel is lightly wounded.
The slave closely misses you. x2
Pikel scowls and wipes his hands on his robe.
Pikel closely misses you. The slave closely misses you.
The slave barely misses you.
Casting: Magic Dart
Confirm with . or Enter, or press ? or * to list all spells.
Aiming: Magic Dart
Press: ? - help, Shift-Dir - straight line, f/p - Pikel
Aim: Pikel, wielding a whip of flaming, wearing a robe and carrying a wand of disintegration {zapped: 1} (lightly wounded)
The magic dart hits Pikel.
Pikel is lightly wounded.
The slave misses you. The slave hits you.
Pikel zaps a wand.
You are blasted!
Ouch! That really hurt!
You die...
Kikubaaqudgha rasps: "You have failed me!
Welcome... oblivion!"

#. .#
#.#####.###
#.........##
#..........#
.........%. #
#......... #
#.pp....### # #
#
#.@K......#.#.#
#
#.pp=.###.#...
# ###.....#...
# ###.###.#.#
#.# #
#.....#p..# #.#
# #.###.#.###
#.# # #...
#...# #.# #
#.##.#..## #.#
# #.......# #.#
#


You could see Pikel and 4 slaves.

Vanquished Creatures
  Ijyb (D:3)
  2 adders
  4 dart slugs
  2 giant geckos
  2 giant cockroaches
  5 goblins
  3 hobgoblins
  3 jackals (D:2)
  5 kobolds
  2 ball pythons
  3 bats
  3 giant newts
  3 rats
38 creatures vanquished.

Notes
Turn   | Place    | Note
--------------------------------------------------------------
     0 | D:1      | Eukament the Gargoyle Wizard began the quest for the Orb.
     0 | D:1      | Reached XP level 1. HP: 10/10 MP: 4/4
   103 | D:1      | Found a shimmering altar of Xom.
   263 | D:1      | Reached skill level 2 in Conjurations
   370 | D:1      | Reached XP level 2. HP: 15/15 MP: 6/6
   952 | D:2      | Learned a level 2 spell: Repel Missiles
  1071 | D:2      | Found a snail-covered altar of Cheibriados.
  1176 | D:2      | Reached skill level 3 in Conjurations
  1176 | D:2      | Reached XP level 3. HP: 13/19 MP: 4/7
  1301 | D:2      | Learned a level 3 spell: Conjure Flame
  1526 | D:2      | Found a faded altar to an unknown god.
  1536 | D:2      | Became a worshipper of Kikubaaqudgha
  1536 | D:2      | Reached * piety under Kikubaaqudgha
  1536 | D:2      | Received a gift from Kikubaaqudgha
  1538 | D:2      | Identified Kikubaaqudgha's Guide on Unholy Rituals (Kikubaaqudgha gifted it to you on level 2 of the Dungeon)
  1959 | D:3      | Reached skill level 4 in Conjurations
  1976 | D:3      | Reached XP level 4. HP: 14/24 MP: 8/8
  2003 | D:3      | Noticed Ijyb
  2010 | D:3      | Killed Ijyb
  2168 | D:3      | Found a stormy altar of Qazlal.
  2460 | D:4      | Noticed a slave
  2461 | D:4      | Noticed a slave
  2461 | D:4      | Noticed a slave
  2463 | D:4      | Noticed a slave
  2464 | D:4      | Noticed Pikel
  2465 | D:4      | Learned a level 3 spell: Mephitic Cloud
  2477 | D:4      | Blown up by Pikel

Skill      XL: |  1  2  3 |
---------------+----------+-----
Conjurations   | 2 3 4 |  4.5
Dodging        | |  1.5
Stealth        | |  2.1
Spellcasting   | |  3.0
Summonings     | |  0.8
Translocations | |  0.8
Air Magic      | |  0.2

Action                   |  1- 3 |  4- 6 || total
-------------------------+-------+-------++-------
Melee: Mace              |    80 |     3 ||    83
 Cast: Magic Dart        |    56 |    28 ||    84
       Repel Missiles    |     2 |       ||     2
  Use: Scroll            |     3 |       ||     3
       Potion            |     4 |       ||     4
  Eat: Bread ration      |     1 |     1 ||     2
Armor: Robe              |    53 |     6 ||    59
Dodge: Dodged            |    71 |    14 ||    85
       Deflected         |     1 |     1 ||     2
